 Dungeon Crawl Stone Soup version 0.29-a0-340-g6efceafd81 (webtiles) character file.

Game seed: 170776910825244266

3977 spaghetti the Ducker (level 10, -2/53 HPs)
             Began as a Vine Stalker Summoner on Apr 19, 2022.
             Was an Initiate of Ru.
             Engulfed by a steam dragon's steam (7 damage)
             ... on level 8 of the Dungeon.
             The game lasted 00:33:36 (10231 turns).

spaghetti the Ducker (Vine Stalker Summoner)       Turns: 10231, Time: 00:33:36

Health: -2/53      AC:  3    Str: 13    XL:     10   Next: 22%
Magic:  0/17       EV: 16    Int: 17    God:    Ru [......]
Gold:   547        SH:  0    Dex: 21    Spells: 4/17 levels left

rFire   . . .      SeeInvis .   F - +8 quarterstaff "Caemosun" {holy, Will+ Stlth+, staff}
rCold   + . .      Faith    .   (shield currently unavailable)
rNeg    . . .      Spirit   +   l - +1 robe "Cudize" {rC+ rCorr}
rPois   .          Reflect  .   (no helmet)
rElec   .          Harm     .   (no cloak)
rCorr   +          Rampage  .   (no gloves)
Will    ++...                   (no boots)
Stlth   ..........              (no amulet)
HPRegen 0.97/turn               m - +6 ring of dexterity
MPRegen 0.15/turn               (no ring)

@: brilliant, about to teleport
A: fangs 3, regeneration 1, magic shield, antimagic bite, no potion heal 2, no
stealth
a: Renounce Religion


You were on level 8 of the Dungeon.
You worshipped Ru.
Ru was noncommittal.
You visited 1 branch of the dungeon, and saw 8 of its levels.

You collected 547 gold pieces.


Innate Abilities, Weirdness & Mutations

You have razor-sharp teeth.
Your natural rate of healing is unusually fast.
When hurt, damage is shared between your health and your magic reserves.
Your bite disrupts and absorbs the magic of your enemies.
Potions cannot restore your health.
You cannot be stealthy.


   Skills:
 * Level 6.1 Fighting
 * Level 5.8 Armour
 * Level 6.3 Dodging
 - Level 4.1 Spellcasting
 + Level 6.2 Summonings
 + Level 4.2 Air Magic


You had 4 spell levels left.
You knew the following spells:

 Your Spells              Type           Power      Damage    Failure   Level
a - Summon Small Mammal   Summ           100%       N/A       1%          1
b - Call Imp              Summ           37%        N/A       1%          2
c - Call Canine Familiar  Summ           37%        N/A       3%          3
d - Summon Lightning Spi  Summ/Air       32%        N/A       19%         4
z - Swiftness             Air            26%        N/A       9%          3

Your spell library contained the following spells:

 Spells                   Type           Power      Damage    Failure   Level
 Summon Guardian Golem    Hex/Summ       21%        N/A       13%         3
 Ensorcelled Hibernation  Hex/Ice        10%        N/A       24%         2
 Passwall                 Tmut/Erth      4%         N/A       24%         2
 Dazzling Flash           Conj/Hex       10%        N/A       43%         3
 Gell's Gravitas          Tloc           5%         N/A       43%         3
 Portal Projectile        Hex/Tloc       10%        N/A       43%         3
 Teleport Other           Tloc           5%         N/A       43%         3
 Olgreb's Toxic Radiance  Pois           5%         N/A       83%         4
 Silence                  Hex/Air        8%         N/A       88%         5
 Agony                    Necr           5%         N/A       99%         5
 Dispersal                Tloc           2%         N/A       100%        6
 Malign Gateway           Summ/Tloc      10%        N/A       100%        7
 Storm Form               Tmut/Air       8%         N/A       100%        7
 Maxwell's Capacitive Co  Air            13%        โˆž       100%        8

Inventory:

Hand Weapons
 c - a +0 spear {polearm}
   (You took it off a gnoll on level 1 of the Dungeon)
 d - a +0 whip {mace}
   (You took it off a kobold on level 1 of the Dungeon)
 e - a +0 club {mace}
   (You took it off a goblin on level 1 of the Dungeon)
 p - a +1 mace of venom {mace}
   (You found it on level 2 of the Dungeon)
 r - a +0 great mace {mace}
   (You took it off an orc priest on level 5 of the Dungeon)
 F - the +8 quarterstaff "Caemosun" (weapon) {holy, Will+ Stlth+, staff}
   (You found it on level 6 of the Dungeon)

   It has been blessed by the Shining One to cause great damage to the undead
   and demons.
   Will:      It increases your willpower.
   Stlth:     It makes you more stealthy.
Missiles
 b - a throwing net {=f!fthrowing}
 k - 55 stones (quivered) {throwing}
 s - 4 poisoned darts {throwing}
 I - a curare-tipped dart {=fthrowing}
Armour
 a - a +0 robe
 l - the +1 robe "Cudize" (worn) {rC+ rCorr}
   (You found it on level 2 of the Dungeon)

   rC:        It protects you from cold.
   rCorr:     It protects you from acid and corrosion.
Magical Staves
 C - a staff of fire {!astaff}
   (You found it on level 6 of the Dungeon)
Jewellery
 m - a +6 ring of dexterity (left hand)
   (You found it on level 2 of the Dungeon)
 o - an amulet of regeneration {@e2}
   (You took it off a hobgoblin on level 2 of the Dungeon)
 D - an amulet of faith {!P}
   (You found it on level 6 of the Dungeon)
Wands
 A - a wand of mindburst (16)
   (You found it on level 6 of the Dungeon)
 H - a wand of flame (22)
   (You found it on level 7 of the Dungeon)
Scrolls
 f - a scroll of holy word {unknown}
 g - 6 scrolls of identify {unknown}
 h - a scroll of blinking {unknown}
 n - 2 scrolls of enchant armour {unknown}
 q - a scroll of fear {unknown}
 t - 2 scrolls of immolation {unknown}
 u - a scroll of fog {unknown}
 v - 3 scrolls of enchant weapon {unknown}
 w - 2 scrolls of noise {unknown}
 x - a scroll of silence {unknown}
 y - a scroll of vulnerability {unknown}
Potions
 i - 2 potions of attraction {!q}
 z - 2 potions of curing {@q1}
 E - 2 potions of degeneration {unknown}
 G - a potion of invisibility {unknown}

Dungeon Overview and Level Annotations

Branches:
Dungeon (8/15)             Temple (0/1) D:6
   Lair: D:8-11

Altars:
Gozag
Makhleb
Nemelex Xobeh
Ru
Wu Jian

Annotations:
D:4 2 runed translucent doors, Laraso's ghost, amateur TeMo

#........#
#.#
#........#
..#
#........##
#.#
#.........#
#.#
#.........##
#D########
#..........#
#ยง........
#########.##
#D########
#..# #ยง#
##.###@#
#..##8#
##.##ยง#
#..#.#
##.#.# #...#
##..# #..#
#..#


You could see a steam dragon (catching breath, ally target) and a friendly
lightning spire (summoned).


Message History

You take 5 damage, and now have 46/53 hp.
You lost 2 mp, and now have 11/17 mp. ๐Ÿ˜• HP[+1] You're standing in a cloud of steam!
You are engulfed in a cloud of scalding steam. ๐Ÿ˜• HP[-1]
You take 1 damage, and now have 46/53 hp. ๐Ÿ˜• HP[+1]
Casting: Summon Lightning Spire (quite dangerous; 19% risk of failure)
Confirm with . or Enter, or press ? or * to list all spells.
The spell is quite dangerous to miscast (19% risk of failure)!
Continue anyway?
An electric hum fills the air. ๐Ÿ˜• HP[+1] MP[-3]
You lost 3 mp, and now have 8/17 mp.
Casting: Summon Lightning Spire (quite dangerous; 19% risk of failure)
Confirm with . or Enter, or press ? or * to list all spells.
๐Ÿ˜• HP[+1] MP[-3]
You lost 3 mp, and now have 5/17 mp.
Casting: Call Canine Familiar (dangerous; 3% risk of failure)
Confirm with . or Enter, or press ? or * to list all spells.
You miscast Call Imp.
You are very lightly contaminated with residual magic.
Nothing appears to happen.
The steam dragon barely misses your hound.
The steam dragon claws your hound. ๐Ÿ˜• HP[+1] MP[-2]
You lost 2 mp, and now have 3/17 mp.
Casting: Call Imp (safe; 1% risk of failure)
Confirm with . or Enter, or press ? or * to list all spells.
A shadowy apparition takes form in the air.
Your hound bites the steam dragon.
The steam dragon misses your hound. The steam dragon claws your hound.
Your hound barely misses the steam dragon. ๐Ÿ˜• HP[+1] MP[-2]
You lost 2 mp, and now have 1/17 mp.
Unknown command.
You swap places.
Your hound bites the steam dragon.
The steam dragon closely misses your hound.
The steam dragon claws your hound but does no damage. ๐Ÿ˜• HP[+1]
What are your orders? t - Shout!
Orders for allies: a - Attack new target. r - Retreat! s - Stop attacking. g - Guard the area. f - Follow me.
Anything else - Cancel.
Gang up on whom?
Press: ? - help, Dir - move target, f - steam dragon
Aim: a steam dragon (heavily wounded, ally target) Attack!
Your hound bites the steam dragon. x2
The steam dragon breathes steam at you. The ball of steam hits your hound!!
Your hound dies!
Your hound's corpse disappears in a puff of smoke!
The ball of steam hits your shadow imp!
Your shadow imp dies!
Your shadow imp disappears in a puff of smoke!
The ball of steam hits you!
The ball of steam hits your lightning spire.
Your lightning spire resists. ๐Ÿ˜• HP[-10]
You take 10 damage, and now have 42/53 hp.
Your lightning spire cannot move out of your way!
You are engulfed in a cloud of scalding steam.
The steam dragon breathes steam at you. The ball of steam hits you!!
* * * LOW HITPOINT WARNING * * *
The ball of steam hits your lightning spire.
Your lightning spire resists. ๐Ÿ˜จ HP[-26] MP[-1]
You take 26 damage, and now have 16/53 hp.
MASSIVE DAMAGE!! (PAUSE)
You lost 1 mp, and now have 0/17 mp.
Okay, then.
Okay, then.
Casting: Call Imp (safe; 1% risk of failure)
Confirm with . or Enter, or press ? or * to list all spells.
You don't have enough magic to cast this spell.
It was a potion of brilliance.
You feel clever all of a sudden.
You are engulfed in a cloud of scalding steam.
* * * LOW HITPOINT WARNING * * *
๐Ÿ˜จ HP[-2] MP[+1]
You take 2 damage, and now have 14/53 hp.
As you read the scroll of teleportation {@r4}, it crumbles to dust.
You feel strangely unstable.
You are engulfed in a cloud of scalding steam.
* * * LOW HITPOINT WARNING * * *
Your magical contamination has completely faded away. ๐Ÿ˜ฑ HP[-9]
You take 9 damage, and now have 5/53 hp.
Unknown command.
Unknown command.
Unknown command.
Aiming: Mindburst
Press: ? - help, Shift-Dir - straight line, f/p - steam dragon
Aim: a steam dragon (steam, severely wounded, catching its breath, chance to affect: 64%)
The steam dragon struggles to resist.
You are engulfed in a cloud of scalding steam.
You die...

Skill      XL: |  1  2  3  4  5  6  7  8  9 10 |
---------------+-------------------------------+-----
Spellcasting   | 3 4 |  4.1
Dodging        | 2 3 4 5 6 |  6.3
Armour         | 1 2 3 4 5 |  5.8
Fighting       | 1 2 3 4 5 6 |  6.1
Air Magic      | 1 2 3 4 |  4.2
Stealth        | 0 |  0.0
Summonings     | 5 6 |  6.2

Action                   |  1- 3 |  4- 6 |  7- 9 | 10-12 || total
-------------------------+-------+-------+-------+-------++-------
Melee: Unarmed           |    14 |       |       |       ||    14
       Bite              |    10 |    16 |    42 |     9 ||    77
       Whip              |    20 |     8 |       |       ||    28
       Punch             |       |     2 |       |       ||     2
       Mace              |       |    35 |   112 |       ||   147
       Quarterstaff      |       |       |     8 |    30 ||    38
Throw: Stone             |     2 |       |     1 |       ||     3
 Cast: Summon Small Mamm |    22 |    23 |   103 |    27 ||   175
       Call Imp          |     7 |    22 |    59 |     7 ||    95
       Call Canine Famil |     9 |    25 |    57 |    17 ||   108
       Summon Lightning  |       |     1 |       |     6 ||     7
Invok: Sacrifice Stealth |       |       |     1 |       ||     1
Evoke: Wand              |       |       |     1 |     1 ||     2
  Use: Potion            |       |     4 |     2 |     1 ||     7
       Scroll            |       |     1 |     1 |     1 ||     3
 Stab: Distracted        |       |     1 |     1 |     1 ||     3
       Sleeping          |       |     1 |     1 |       ||     2
Armor: Robe              |    12 |    20 |    20 |     4 ||    56
       Skin              |       |       |    19 |       ||    19
Dodge: Dodged            |    23 |    81 |   106 |    45 ||   255

Levels and vault maps discovered:
D:1:      dpeg_arrival_simpleton_c, layout_loops_ring,
          dreamdust_ecumenical_altar_statues, dreamdust_princess_bridge
D:2:      layout_rooms, basic_altar, uniq_natasha
D:3:      layout_rooms, small_statue_intersection, kennysheep_cross_room,
          chequers_serial_rivers_micro_c, minivault_23,
          dreamdust_mushroom_princess, serial_park_tiny_2
D:4:      layout_rooms, lemuel_tele_altar, ebering_ghost_sewer_f, uniq_grinder
D:5:      layout_loops_ring, pf_just_have_faith, nemelex_dance_club_becter,
          mainiacjoe_overflow_catwalk, nzn_random_ring
D:6:      layout_cave_pools, minmay_temple_entry_offerings,
          corexii_item_surrounded_by_moat, minmay_manual_mail
D:7:      layout_rooms
D:8:      layout_basic, lemuel_zombie_altar_kikubaaqudgha,
          nicolae_overflow_hidden_temple

Notes
Turn   | Place    | Note
-------+----------+-------------------------------------------
     0 | D:1      | spaghetti the Vine Stalker Summoner began the quest for the
                  | Orb.
     0 | D:1      | Reached XP level 1. HP: 9/9 MP: 4/4
     0 | D:1      | magus.rc [v1.9.6]
    94 | D:1      | Reached skill level 3 in Spellcasting
    94 | D:1      | Reached XP level 2. HP: 13/13 MP: 2/7
   252 | D:1      | Learned a level 2 spell: Call Imp
   535 | D:1      | Reached XP level 3. HP: 13/16 MP: 7/9
   539 | D:1      | Learned a level 3 spell: Call Canine Familiar
   721 | D:1      | Found a faded altar of an unknown god.
   953 | D:1      | You add the spells Gell's Gravitas, Teleport Other and
                  | Dispersal to your library.
  1232 | D:2      | You add the spells Portal Projectile, Olgreb's Toxic
                  | Radiance and Malign Gateway to your library.
  1232 | D:2      | Got the Guide on Toxic Displacement
  1314 | D:2      | Identified the +1 robe "Cudize" {rC+ rCorr}
  1314 | D:2      | Noticed Natasha
  1323 | D:2      | Killed Natasha
  1324 | D:2      | Reached skill level 2 in Dodging
  1324 | D:2      | Gained mutation: Your natural rate of healing is unusually
                  | fast. [Vine Stalker growth]
  1324 | D:2      | Reached XP level 4. HP: 18/21 MP: 5/10
  1412 | D:2      | Noticed Natasha
  1419 | D:2      | Killed Natasha
  1420 | D:2      | Reached skill level 4 in Spellcasting
  1535 | D:2      | Noticed Natasha
  1547 | D:2      | Killed Natasha
  1548 | D:2      | Reached skill level 1 in Armour
  1548 | D:2      | Reached XP level 5. HP: 19/24 MP: 5/12
  1614 | D:2      | Learned a level 4 spell: Summon Lightning Spire
  1637 | D:2      | You pick up a book of the Senses and begin reading...
  1637 | D:2      | You add the spells Dazzling Flash, Agony and Silence to
                  | your library.
  1997 | D:2      | Found a sacrificial altar of Ru.
  2004 | D:2      | Became a worshipper of Ru the Awakened
  2283 | D:2      | HP: 3/24 [something (12)]
  2283 | D:2      | HP: 1/24 [orc/+0 club (3)]
  2725 | D:3      | Noticed an ice beast
  2739 | D:3      | Killed an ice beast
  2740 | D:3      | Reached skill level 1 in Fighting
  2740 | D:3      | Reached skill level 2 in Armour
  2740 | D:3      | Reached skill level 3 in Dodging
  2740 | D:3      | Reached XP level 6. HP: 22/30 MP: 10/13
  3197 | D:3      | HP: 6/30 [gnoll/+0 club (5)]
  3655 | D:4      | Found a runed translucent door.
  3856 | D:5      | Entered Level 5 of the Dungeon
  3866 | D:5      | Reached skill level 2 in Fighting
  3866 | D:5      | Reached XP level 7. HP: 35/35 MP: 7/14
  4077 | D:4      | Found a burning altar of Makhleb.
  4087 | D:4      | Noticed Grinder
  4139 | D:4      | Killed Grinder
  4140 | D:4      | Reached skill level 1 in Air Magic
  4355 | D:4      | Noticed Laraso's ghost (amateur TeMo)
  4434 | D:4      | Found a runed translucent door.
  4544 | D:5      | Gained mutation: You cannot be stealthy. [Ru sacrifice]
  4544 | D:5      | Reduced skill Stealth to level 0
  4567 | D:5      | Reached skill level 3 in Armour
  4638 | D:5      | Reached skill level 3 in Fighting
  4638 | D:5      | Reached skill level 4 in Dodging
  4799 | D:5      | Gained mutation: You have razor-sharp teeth. [Vine Stalker
                  | growth]
  4799 | D:5      | Reached XP level 8. HP: 40/40 MP: 3/15
  5034 | D:5      | Reached skill level 2 in Air Magic
  5088 | D:5      | HP: 6/40 [water moccasin (6)]
  5090 | D:5      | Reached skill level 5 in Summonings
  5091 | D:5      | HP: 2/42 [poisoned by a water moccasin]
  5096 | D:5      | HP: 5/42 [poisoned by a water moccasin]
  5417 | D:5      | Found a sparkling altar of Nemelex Xobeh.
  5501 | D:5      | Reached skill level 4 in Fighting
  5573 | D:5      | Found an opulent altar of Gozag.
  5652 | D:5      | Reached skill level 4 in Armour
  5909 | D:5      | Found an ornate altar of the Wu Jian Council.
  5984 | D:5      | You pick up a book of Burglary and begin reading...
  5984 | D:5      | You add the spells Passwall, Ensorcelled Hibernation and
                  | Swiftness to your library.
  6257 | D:5      | Reached skill level 5 in Dodging
  6257 | D:5      | Reached XP level 9. HP: 46/46 MP: 9/16
  6304 | D:5      | Reached skill level 3 in Air Magic
  7093 | D:6      | Reached skill level 5 in Fighting
  7416 | D:6      | Found a staircase to the Ecumenical Temple.
  7534 | D:6      | You pick up a book of the Sky and begin reading...
  7534 | D:6      | You add the spells Storm Form and Maxwell's Capacitive
                  | Coupling to your library.
  7562 | D:6      | Reached skill level 5 in Armour
  7786 | D:6      | HP: 11/47 [something (26)]
  8428 | D:6      | Reached skill level 6 in Dodging
  8428 | D:6      | Reached skill level 6 in Summonings
  8520 | D:6      | Identified the +8 quarterstaff "Caemosun" {holy, Will+
                  | Stlth+}
  8721 | D:7      | Reached XP level 10. HP: 51/53 MP: 17/17
  8770 | D:7      | Reached skill level 4 in Air Magic
  9030 | D:7      | Reached skill level 6 in Fighting
  9667 | D:7      | Learned a level 3 spell: Swiftness
 10229 | D:8      | HP: 13/53 [something] (3)]
 10230 | D:8      | HP: 4/53 [something] (10)]
 10231 | D:8      | Engulfed by a steam dragon's steam

Vanquished Creatures
  Grinder (D:4)
  A shadow (D:6)
  A steam dragon (D:7)
  An acid dragon (D:6)
  2 water moccasins
  An orc warrior (D:5)
  2 ice beasts
  A sky beast (D:6)
  A centaur (D:5)
  A necrophage (D:7)
  3 hounds (D:5)
  A gnoll shaman (D:3)
  An orc priest (D:7)
  An iguana (D:6)
  2 orc wizards
  Natasha (D:2)
  3 adders
  7 gnolls
  A shadow imp (D:5)
  2 white imps
  An ufetubus (D:5)
  A worm (D:2)
  4 orcs
  5 ball pythons
  2 bats
  2 endoplasms
  A giant cockroach (D:3)
  2 goblins
  3 hobgoblins
  4 jackals
  A frilled lizard (D:1)
  3 kobolds
  2 rats (D:1)
65 creatures vanquished.

Vanquished Creatures (collateral kills)
  A shadow (D:6)
  A water moccasin (D:6)
  2 ice beasts (D:6)
  4 ogres
  A centaur (D:7)
  2 phantoms (D:5)
  A kobold brigand (D:8)
  A bullfrog (D:8)
  5 scorpions
  A necrophage (D:5)
  3 howler monkeys (D:5)
  4 orc priests
  2 hounds
  2 jellies
  2 iguanas
  Natasha (twice) (D:2)
  3 orc wizards
  6 gnolls
  10 adders
  A white imp (D:6)
  14 orcs
  5 endoplasms
  A giant cockroach (D:2)
  2 goblins
  8 hobgoblins
  A jackal (D:2)
  3 quokkas
  6 ball pythons
  A bat (D:1)
  A frilled lizard (D:1)
  8 kobolds
  3 rats
  A rat zombie (D:8)
108 creatures vanquished.

Grand Total: 173 creatures vanquished

Table legend:
 A = Non-vault XP
 B = Vault XP
 C = Vault XP percentage of total XP
 D = Non-vault monster count
 E = Vault monster count
 F = Vault count percentage of total count
                 A         B        C        D         E       F
            +---------+---------+-------+---------+---------+-------
      Total |    3280 |    2402 |  42.3 |     140 |      33 |  19.1
            +---------+---------+-------+---------+---------+-------
        D:1 |      52 |       0 |   0.0 |      26 |       0 |   0.0
        D:2 |     124 |      35 |  22.0 |      23 |       1 |   4.2
        D:3 |     324 |       0 |   0.0 |      20 |       0 |   0.0
        D:4 |      84 |     295 |  77.8 |      12 |       1 |   7.7
        D:5 |     639 |    1378 |  68.3 |      22 |      23 |  51.1
        D:6 |     966 |     693 |  41.8 |      14 |       7 |  33.3
        D:7 |     906 |       0 |   0.0 |      18 |       0 |   0.0
        D:8 |     185 |       1 |   0.5 |       5 |       1 |  16.7
            +---------+---------+-------+---------+---------+-------

Illustrated notes

Table legend:
 A = Kills in this place as a percentage of kills in entire the game.
 B = Kills by you in this place as a percentage of kills by you in the entire game.
 C = Kills by friends in this place as a percentage of kills by friends in the entire game.
 D = Other kills in this place as a percentage of other kills in the entire game.
 E = Experience gained in this place as a percentage of experience gained in the entire game.
 F = Experience gained in this place divided by the number of levels of this place that you have seen.
                   A       B       C       D       E      F
               +-------+-------+-------+-------+-------+----------------------
         Total | 100.0 | 100.0 | 100.0 |   N/A | 100.0 | 710.2
       Dungeon | 100.0 | 100.0 | 100.0 |   N/A | 100.0 | 710.2
               +-------+-------+-------+-------+-------+----------------------

Table legend: (Time is in decaauts)
 A = Elapsed time spent in this place.
 B = Non-inter-level travel time spent in this place.
 C = Inter-level travel time spent in this place.
 D = Time resting spent in this place.
 E = Time spent auto-exploring this place.
 F = Levels seen in this place.
 G = Mean time per level.
                   A        B        C        D        E       F      G
               +--------+--------+--------+--------+--------+-----+--------+
         Total |  10322 |   9979 |    343 |   2464 |   5613 |   8 | 1290.2 |
       Dungeon |  10322 |   9979 |    343 |   2464 |   5613 |   8 | 1290.2 |
               +--------+--------+--------+--------+--------+-----+--------+

Top non-repeatable levels by time:
     D:5: 2826 daAuts
     D:6: 1404 daAuts
     D:3: 1266 daAuts
     D:1: 1225 daAuts
     D:2: 1048 daAuts
     D:7: 1031 daAuts
     D:4: 970 daAuts
     D:8: 550 daAuts
